 Dungeon Crawl Stone Soup version 0.25.1-2-g60ff931df9 (webtiles) character file.

Game seed: 6905876328483403627

11226 DildoBatman the Geomancer (level 12, 0/81 HPs)
             Began as a Formicid Wizard on Oct 20, 2020.
             Was a High Priest of Kikubaaqudgha.
             Slain by Donald
             ... wielding a +0 scimitar
              (17 damage)
             ... on level 2 of the Orcish Mines.
             The game lasted 00:51:45 (11868 turns).

DildoBatman the Geomancer (Formicid Wizard)        Turns: 11868, Time: 00:51:45

Health: 0/81       AC:  8    Str: 12    XL:     12   Next: 5%
Magic:  0/21       EV: 12    Int: 23    God:    Kikubaaqudgha [*****.]
Gold:   1360       SH:  0    Dex:  9    Spells: 3/24 levels left

rFire    . . .     SeeInvis +   a - +6 scimitar
rCold    . . .     Gourm    .   Q - +0 buckler {reflect}
rNeg     . . .     Faith    .   o - +2 troll leather armour
rPois    .         Spirit   .   (helmet unavailable)
rElec    .         Reflect  +   h - +0 cloak
rCorr    .         Harm     .   k - +0 pair of gloves
MR       +....                  (no boots)
Stlth    +.........             D - amulet of the acrobat
HPRegen  0.63/turn              (no ring)
MPRegen  0.17/turn              (no ring)

@: confused
A: permanent stasis, dig shafts and tunnels, four strong arms, antennae 3
a: Dig, Shaft Self, Receive Corpses, Torment, Renounce Religion


You were on level 2 of the Orcish Mines.
You worshipped Kikubaaqudgha.
Kikubaaqudgha was extremely pleased with you.
You were hungry.

You visited 3 branches of the dungeon, and saw 13 of its levels.
You also visited: Ossuary.

You collected 1360 gold pieces.

Inventory:

Hand Weapons
 a - a +6 scimitar (weapon)
 b - a +5 spear of freezing
 c - a +0 hunting sling of freezing
Missiles
 g - 149 stones
 i - 21 poisoned darts
 t - 232 arrows
 u - 7 javelins
 y - 2 atropa-tipped darts (quivered)
 A - 77 bolts
 T - 8 curare-tipped darts
 W - 8 boomerangs
 X - 60 sling bullets
Armour
 h - a +0 cloak (worn)
 k - a +0 pair of gloves (worn)
 o - a +2 troll leather armour (worn)
 Q - a +0 buckler of reflection (worn)
Jewellery
 D - an amulet of the acrobat (around neck)
Wands
 j - a wand of paralysis (9)
 m - a wand of disintegration (18)
 r - a wand of clouds (4)
 H - a wand of enslavement (8)
 M - a wand of polymorph (15)
 U - a wand of iceblast (4)
Scrolls
 e - 3 scrolls of enchant weapon
 s - 4 scrolls of fog
 w - a scroll of fear {unknown}
 x - a scroll of remove curse
 z - 5 scrolls of identify
 C - a scroll of magic mapping
 E - a scroll of random uselessness {unknown}
 S - a scroll of teleportation {unknown}
Potions
 l - a potion of haste {unknown}
 n - 3 potions of magic {unknown}
 p - 5 potions of curing
 q - a potion of stabbing {unknown}
 B - a potion of flight {unknown}
 F - a potion of berserk rage {unknown}
 G - a potion of lignification {unknown}
 J - a potion of brilliance {unknown}
 K - a potion of degeneration {unknown}
 N - a potion of mutation {unknown}
 O - a potion of heal wounds {unknown}
 P - a potion of invisibility {unknown}
Comestibles
 d - 2 chunks of flesh
 v - 23 rations


   Skills:
 * Level 3.2 Fighting
 * Level 2.9 Armour
 - Level 3.0 Dodging
 - Level 2.4 Stealth
 * Level 3.9 Shields
 * Level 6.6 Spellcasting
 - Level 5.0 Conjurations
   Level 1.0 Summonings
 - Level 9.0 Necromancy
   Level 0.8 Translocations
 - Level 5.0 Fire Magic
 - Level 4.0 Air Magic
 - Level 11.0 Earth Magic
 - Level 5.0 Poison Magic


You had 3 spell levels left.
You knew the following spells:

 Your Spells              Type           Power        Failure   Level  Hunger
a - Conjure Flame         Conj/Fire      ####....     3%          3    None
b - Borgnjor's Vile Clut  Necr/Erth      ######....   4%          5    #####..
c - Magic Dart            Conj           ####         1%          1    None
d - Vampiric Draining     Necr           #####.....   1%          3    None
e - Mephitic Cloud        Conj/Pois/Air  ####....     4%          3    None
h - Dispel Undead         Necr           #####...     2%          4    ###....
z - Sublimation of Blood  Necr           #####.....   1%          2    None

Your spell library contained the following spells:

 Spells                   Type           Power        Failure   Level  Hunger
 Animate Skeleton         Necr           N/A          1%          1    None
 Pain                     Necr           ####         1%          1    None
 Call Imp                 Summ           ##......     10%         2    None
 Slow                     Hex            #.......     16%         2    None
 Animate Dead             Necr           N/A          2%          4    ###....
 Agony                    Necr           #####...     7%          5    #####..
 Excruciating Wounds      Chrm/Necr      ####......   41%         5    #####..
 Blink                    Tloc           Unusable     N/A         2    N/A

Dungeon Overview and Level Annotations

Branches:
Dungeon (10/15)            Temple (1/1) D:7            Lair (0/6) D:8
    Orc (2/2) D:9             Elf (0/3) Orc:2       Ossuary (visited)

Altars:
Ashenzari
Cheibriados
Dithmenos
Elyvilon
Fedhas
Gozag
Hepliaklqana
Kikubaaqudgha
Makhleb
Nemelex Xobeh
Okawaru
Qazlal
Ru
Sif Muna
Trog
Uskayaw
Vehumet
Wu Jian
Xom
Yredelemnul
Zin
The Shining One
Beogh
Jiyva

Annotations:
D:7 1 exclusion
Orc:2 1 runed translucent door, Chimkentus's ghost, journeyman OpAs; Donald


Innate Abilities, Weirdness & Mutations

You cannot be hasted, slowed, berserked, paralysed or teleported.
You can dig through walls and to a lower floor.
Your four strong arms can wield two-handed weapons with a shield.
You have a pair of large antennae on your head. (SInv)


Message History

Confirm with . or Enter, or press ? or * to list all spells.
You don't have enough magic to cast that spell.
Donald hits you with a +0 scimitar!!
Casting: Borgnjor's Vile Clutch (dangerous; 4% risk of failure)
Confirm with . or Enter, or press ? or * to list all spells.
Aiming: Mephitic Cloud (mildly dangerous; 4% risk of failure)
Press: ? - help, Shift-Dir - straight line, f/p - Donald
Aim: Donald, wielding a +0 scimitar, wearing a +2 chain mail of fire resistance and wearing a +0 kite shield of reflection (almost dead, fast, strong) That beam is likely to hit you.
Continue anyway?
The ball explodes into a vile cloud!
The stinking cloud engulfs Donald but does no damage.
Donald is almost dead.
The stinking cloud engulfs you but does no damage.
You are engulfed in noxious fumes.
You choke on the stench!
You are confused.
Donald is engulfed in noxious fumes.
Donald hits you with a +0 scimitar!
You die...
Kikubaaqudgha rasps: "You have failed me!
Welcome... death!"

## #.... # ###.........## .###..#
##.## #............###
#.....###...# ##...........#..#
......#.#...# #............#...
............# ###...............
......#.....####.......###.......
.......#.#..##§§.......# #.......
....#...##...##@☼.....## ##......
.........#(..#.#@.....## #......
........#...#......<.^.####......
...........@##.##......##........
.............####.......#........
..............# #.###............
.............## ###..............
..........#..## #..........##.
..............# ##........####
...........#.## #>.........##


You could see Donald (fast, strong).

Vanquished Creatures
  Harold (D:7)
  A two-headed ogre (Orc:1)
  Urug (Orc:2)
  Sonja (D:10)
  An orc knight (Orc:1)
  4 orc sorcerers (Orc:1)
  A cyclops (Orc:1)
  Joseph (D:7)
  Maggie (D:10)
  A troll (Orc:1)
  A spriggan (D:8)
  A wyvern (D:9)
  A hungry ghost (D:10)
  Eustachio (D:4)
  4 wargs
  An acid dragon (D:9)
  7 orc warriors
  2 sky beasts
  An ice beast (D:8)
  2 phantoms
  A necrophage (D:8)
  8 ogres
  4 centaurs
  2 bullfrogs (D:6)
  An elf zombie (Ossuary)
  2 big kobolds (D:10)
  A scorpion (D:7)
  4 killer bees (D:9)
  9 wights
  A howler monkey (D:9)
  4 crimson imps
  3 hounds
  A bullfrog zombie (D:9)
  4 centaur zombies
  A quasit (D:5)
  A jelly (D:9)
  8 orc priests
  9 orc wizards
  2 human zombies (Ossuary)
  Crazy Yiuf (D:7)
  A centaur skeleton (D:7)
  Ijyb (D:3)
  An iguana (D:5)
  4 worker ants
  A hound zombie (D:8)
  A hound skeleton (D:4)
  3 mummies (Ossuary)
  A howler monkey zombie (D:9)
  Robin (D:3)
  5 adders
  2 oozes
  An adder skeleton (D:8)
  2 adder zombies
  A worm (D:3)
  3 dart slugs
  6 leopard geckos
  29 orcs
  A ball python (D:1)
  11 bats
  10 giant cockroaches
  2 gnoll zombies (Ossuary)
  10 hobgoblins
  8 jackals
  4 quokkas
  7 frilled lizards
  A giant cockroach zombie (D:6)
  18 goblins
  4 goblin zombies (Ossuary)
  2 hobgoblin zombies (Ossuary)
  A jackal zombie (Ossuary)
  22 kobolds
  5 kobold zombies (Ossuary)
  A leopard gecko skeleton (D:7)
  An orc zombie (Ossuary)
  5 quokka zombies (Ossuary)
  5 rats
  6 rat zombies (Ossuary)
288 creatures vanquished.

Vanquished Creatures (collateral kills)
  An orc (D:7)
1 creature vanquished.

Grand Total: 289 creatures vanquished

Notes
Turn   | Place    | Note
-------+----------+-------------------------------------------
     0 | D:1      | DildoBatman the Formicid Wizard began the quest for the
                  | Orb.
     0 | D:1      | Reached XP level 1. HP: 13/13 MP: 4/4
    22 | D:1      | Reached skill level 1 in Conjurations
   208 | D:1      | Reached XP level 2. HP: 19/19 MP: 0/6
   597 | D:1      | Reached XP level 3. HP: 22/24 MP: 3/7
  1259 | D:2      | Reached XP level 4. HP: 30/30 MP: 3/8
  1323 | D:1      | Learned a level 3 spell: Conjure Flame
  1327 | D:1      | Learned a level 3 spell: Mephitic Cloud
  1567 | D:2      | Found a radiant altar of Vehumet.
  1574 | D:2      | Identified Vehumet's Papyrus of Arcane Weapons
  1804 | D:2      | You fall into a shaft and drop 2 floors!
  1892 | D:2      | Found a shadowy altar of Dithmenos.
  2065 | D:2      | Found a shimmering blue altar of Sif Muna.
  2066 | D:2      | Found an ancient bone altar of Kikubaaqudgha.
  2118 | D:2      | Became a worshipper of Kikubaaqudgha
  2190 | D:3      | Reached XP level 5. HP: 35/35 MP: 5/9
  2469 | D:3      | Reached skill level 1 in Poison Magic
  2675 | D:3      | Reached skill level 1 in Fire Magic
  2682 | D:3      | Reached skill level 1 in Air Magic
  2682 | D:3      | Reached XP level 6. HP: 30/41 MP: 5/10
  2903 | D:3      | Noticed Robin
  2928 | D:3      | Reached * piety under Kikubaaqudgha
  2928 | D:3      | Identified Kikubaaqudgha's Tome of Evil (Kikubaaqudgha
                  | gifted it to you on level 3 of the Dungeon)
  2928 | D:3      | Received a gift from Kikubaaqudgha
  2981 | D:3      | Killed Robin
  2996 | D:3      | Noticed Ijyb
  3038 | D:3      | Killed Ijyb
  3688 | D:4      | Noticed Eustachio
  3711 | D:4      | Killed Eustachio
  3711 | D:4      | Reached XP level 7. HP: 45/46 MP: 3/11
  3954 | D:5      | Entered Level 5 of the Dungeon
  4137 | D:5      | Reached skill level 5 in Conjurations
  4289 | D:5      | Learned a level 2 spell: Sublimation of Blood
  4293 | D:5      | Learned a level 3 spell: Vampiric Draining
  4338 | D:5      | Reached XP level 8. HP: 37/52 MP: 3/12
  4857 | D:6      | Reached skill level 1 in Fighting
  4910 | D:6      | Reached skill level 1 in Armour
  4910 | D:6      | Reached skill level 1 in Necromancy
  4970 | D:6      | Reached ** piety under Kikubaaqudgha
  5267 | D:6      | Found a stormy altar of Qazlal.
  5410 | D:6      | Reached skill level 5 in Poison Magic
  5685 | D:7      | Found a stormy altar of Qazlal.
  5963 | D:7      | Found a staircase to the Ecumenical Temple.
  5976 | D:7      | Reached XP level 9. HP: 58/61 MP: 11/14
  5977 | D:7      | Noticed Harold
  6168 | D:7      | Killed Harold
  6168 | D:7      | Reached skill level 5 in Fire Magic
  6168 | D:7      | Reached skill level 5 in Spellcasting
  6218 | D:7      | Found a glowing silver altar of Zin.
  6315 | D:7      | Noticed Joseph
  6366 | D:7      | Killed Joseph
  6426 | D:7      | Reached skill level 5 in Necromancy
  6539 | D:7      | Reached XP level 10. HP: 67/67 MP: 14/19
  6561 | D:7      | Reached *** piety under Kikubaaqudgha
  6561 | D:7      | Identified Kikubaaqudgha's Guide on Unholy Magic
                  | (Kikubaaqudgha gifted it to you on level 7 of the Dungeon)
  6561 | D:7      | Received a gift from Kikubaaqudgha
  6590 | D:7      | Learned a level 4 spell: Dispel Undead
  6596 | D:7      | Learned a level 5 spell: Borgnjor's Vile Clutch
  6671 | D:7      | Found a sparkling altar of Nemelex Xobeh.
  6672 | D:7      | Found a hide-covered altar of Uskayaw.
  6672 | D:7      | Found a bloodstained altar of Trog.
  6675 | D:7      | Found a hazy altar of Hepliaklqana.
  6680 | D:7      | Found a shattered altar of Ashenzari.
  6692 | Temple   | Entered the Ecumenical Temple
  7116 | D:7      | Found a runed translucent door.
  7117 | D:7      | Noticed Crazy Yiuf
  7151 | D:7      | Killed Crazy Yiuf
  7361 | D:8      | Reached skill level 1 in Earth Magic
  7390 | D:8      | Reached skill level 3 in Earth Magic
  7407 | D:8      | Found a sand-covered staircase.
  7414 | Ossuary  | Entered an ossuary
  7618 | Ossuary  | Reached skill level 4 in Earth Magic
  7808 | Ossuary  | Reached skill level 5 in Earth Magic
  7931 | D:8      | Found a staircase to the Lair.
  8021 | D:8      | Reached **** piety under Kikubaaqudgha
  8021 | D:8      | Reached skill level 6 in Earth Magic
  8709 | D:9      | Reached skill level 7 in Earth Magic
  8799 | D:9      | Found a staircase to the Orcish Mines.
  8892 | D:9      | Found a roughly hewn altar of Beogh.
  9378 | D:9      | Reached skill level 8 in Earth Magic
  9689 | D:10     | Entered Level 10 of the Dungeon
  9706 | D:10     | Noticed Sonja
  9724 | D:10     | Noticed Maggie
  9747 | D:10     | Killed Maggie
  9747 | D:10     | Reached skill level 1 in Shields
 10260 | D:10     | Killed Sonja
 10260 | D:10     | Reached XP level 11. HP: 48/72 MP: 11/20
 10516 | Orc:1    | Entered Level 1 of the Orcish Mines
 10519 | Orc:1    | Noticed a cyclops
 10523 | Orc:1    | Reached skill level 9 in Earth Magic
 10526 | Orc:1    | Noticed an orc sorcerer
 10526 | Orc:1    | Killed a cyclops
 10526 | Orc:1    | Noticed an orc knight
 10545 | Orc:1    | Killed an orc sorcerer
 10548 | Orc:1    | Killed an orc knight
 10710 | Orc:1    | Found a roughly hewn altar of Beogh.
 10773 | Orc:1    | Reached skill level 10 in Earth Magic
 10780 | Orc:1    | Noticed an orc sorcerer
 10786 | Orc:1    | Killed an orc sorcerer
 10934 | Orc:1    | Noticed an orc sorcerer
 10937 | Orc:1    | Killed an orc sorcerer
 10963 | Orc:1    | Reached ***** piety under Kikubaaqudgha
 10964 | Orc:1    | Noticed a two-headed ogre
 11008 | Orc:1    | Killed a two-headed ogre
 11227 | Orc:1    | Reached skill level 11 in Earth Magic
 11492 | Orc:2    | Entered Level 2 of the Orcish Mines
 11492 | Orc:2    | Noticed an orc sorcerer
 11499 | Orc:1    | Killed an orc sorcerer
 11529 | Orc:2    | Found a runed translucent door.
 11535 | Orc:2    | Found a staircase to the Elven Halls.
 11536 | Orc:2    | Noticed an orc sorcerer
 11542 | Orc:2    | Noticed Chimkentus's ghost (journeyman OpAs)
 11590 | Orc:2    | Noticed Donald
 11720 | Orc:2    | Noticed Urug
 11767 | Orc:2    | Killed Urug
 11767 | Orc:2    | Reached XP level 12. HP: 29/81 MP: 4/21
 11868 | Orc:2    | Slain by Donald

Illustrated notes

Levels and vault maps discovered:
D:1:      heliophobic_arrival_dark_side_of_the_moon, layout_rooms
D:2:      layout_rooms, grunt_temple_overflow_magic_moments,
          grunt_dithmenos_smoke
D:3:      layout_loops_cross, uniq_robin, uniq_ijyb
D:4:      layout_basic, first_ration, uniq_eustachio
D:5:      layout_loops_ring
D:6:      layout_cave_pools, serial_column_ruins, column_ruins_temple_hall,
          column_ruins_grid_3, column_ruins_open_small,
          column_ruins_columns_corner, column_ruins_corridor_straight,
          column_ruins_grid_1, column_ruins_open_small,
          chequers_serial_rivers_room_a
D:7:      layout_layer_cave, nicolae_qazlal_general_emergency,
          grunt_temple_overflow_open, minmay_temple_entry_proselytizer,
          uniq_harold, uniq_joseph, uniq_crazy_yiuf_cottage
D:8:      layout_cave_pools, dpeg_oklobed_lair, serial_rivers,
          chequers_serial_rivers_marsh, chequers_serial_rivers_micro_b,
          chequers_serial_rivers_room_a, chequers_serial_rivers_micro_b,
          chequers_serial_rivers_marsh, chequers_serial_rivers_small_3,
          enter_ossuary_5, the_bakery
D:9:      layout_roguey, minmay_orc_entry_temple_small,
          minmay_misc_feat_enclosed, chequers_mini_garden
D:10:     layout_irregular_city, uniq_maggie, uniq_sonja
Temple:   pf_slime_end_temple
Orc:1:    layout_caves, basic_altar, nicolae_orc_sculptors_studio
Orc:2:    st_orc_elflike, layout_diamond_mine, ebering_ghost_inner_flame,
          uniq_donald, uniq_urug

Skill      XL: |  1  2  3  4  5  6  7  8  9 10 11 |
---------------+----------------------------------+-----
Conjurations   | 1 2 3 4 5 |  5.0
Poison Magic   | 2 3 4 5 |  5.0
Fire Magic     | 1 2 3 4 5 |  5.0
Air Magic      | 1 2 3 4 |  4.0
Dodging        | 2 3 |  3.0
Fighting       | 1 2 3 |  3.2
Armour         | 1 2 |  2.9
Necromancy     | 1 5 7 9 |  9.0
Spellcasting   | 6 |  6.6
Earth Magic    | 8 11 | 11.0
Shields        | 3 |  3.9
Stealth        | |  2.4
Summonings     | |  1.0
Translocations | |  0.8

Action                   |  1- 3 |  4- 6 |  7- 9 | 10-12 || total
-------------------------+-------+-------+-------+-------++-------
Melee: Unarmed           |    10 |       |       |       ||    10
       Club              |    28 |       |       |       ||    28
       Short sword       |     3 |    63 |       |       ||    66
       Dagger            |       |    68 |   155 |   138 ||   361
       Spear             |       |       |       |   130 ||   130
       Mace              |       |       |       |     2 ||     2
       Halberd           |       |       |       |     1 ||     1
       Scimitar          |       |       |       |     1 ||     1
 Fire: Hunting sling     |       |    12 |    84 |   111 ||   207
Throw: Dart              |       |    10 |     8 |       ||    18
 Cast: Magic Dart        |    88 |    87 |    66 |    26 ||   267
       Mephitic Cloud    |       |     8 |    30 |    30 ||    68
       Conjure Flame     |       |     2 |    15 |    30 ||    47
       Dispel Undead     |       |       |       |    13 ||    13
       Sublimation of Bl |       |       |       |     8 ||     8
       Borgnjor's Vile C |       |       |       |    27 ||    27
       Vampiric Draining |       |       |       |     3 ||     3
 Abil: Dig               |     1 |     6 |    11 |    12 ||    30
Evoke: Wand              |       |       |       |     1 ||     1
  Use: Scroll            |       |     4 |     1 |     7 ||    12
 Stab: Confused          |       |     7 |     7 |     5 ||    19
  Eat: Chunk             |     1 |     9 |    14 |    19 ||    43
       Ration            |       |       |       |     3 ||     3
Armor: Robe              |    19 |    21 |       |       ||    40
       Leather armour    |       |       |    42 |    41 ||    83
       Troll leather arm |       |       |       |     6 ||     6
Dodge: Dodged            |    49 |    71 |    99 |   153 ||   372
Block: Buckler           |       |       |       |    14 ||    14
